 Dungeon Crawl Stone Soup version 0.27-a0-1065-ge809cff456 (webtiles) character file.

Game seed: 3962309235636758710

217 senseless the Insei (level 5, -6/37 HPs)
             Began as a Demonspawn Transmuter on Apr 23, 2021.
             Killed by divine providence
             ... invoked by an orc priest
              (12 damage)
             ... on level 3 of the Dungeon.
             The game lasted 00:09:07 (3502 turns).

senseless the Insei (Demonspawn Transmuter)         Turns: 3502, Time: 00:09:08

Health: -6/37      AC:  3    Str: 11    XL:     5   Next: 61%
Magic:  8/9        EV: 12    Int: 14    God:
Gold:   94         SH: 11    Dex: 14    Spells: 9/10 levels left

rFire    + . .     SeeInvis .     - Unarmed
rCold    x . .     Faith    .   c - +3 buckler of Recklessness {rF+ rC- rN+++ Will+}
rNeg     + + +     Spirit   .   j - +1 robe {Will+}
rPois    .         Reflect  .   (helmet currently unavailable)
rElec    .         Harm     .   (no cloak)
rCorr    .         Rampage  .   (no gloves)
Will     ++...                  (boots currently unavailable)
Stlth    ++........             (no amulet)
HPRegen  0.12/turn              (no ring)
MPRegen  0.11/turn              (no ring)

@: appendages (expiring)
A: horns 2, talons 2, sturdy frame 1, condensation shield
a: End Transformation


You were on level 3 of the Dungeon.
You had temporarily grown beastly horns and talons.
You visited 1 branch of the dungeon, and saw 3 of its levels.

You collected 94 gold pieces.

Inventory:

Hand Weapons
 g - a +3 dagger of venom
 h - a +1 vorpal falchion
Armour
 a - a +0 robe
 c - the +3 buckler of Recklessness (worn) {rF+ rC- rN+++ Will+}
   (You acquired it on level 1 of the Dungeon)

   It protects you from fire.
   It makes you vulnerable to cold.
   It renders you almost immune to negative energy.
   It increases your willpower.
 j - a +1 robe of willpower (worn)
Scrolls
 f - 2 scrolls of identify
Potions
 b - a potion of invisibility {unknown}
 d - 2 potions of resistance
 e - a potion of curing {unknown}
 i - 2 potions of berserk rage {unknown}


   Skills:
 + Level 1.2 Fighting
 + Level 2.5 Dodging
 + Level 1.0 Stealth
 + Level 1.4 Shields
 + Level 3.7 Unarmed Combat
 + Level 3.0 Spellcasting
 + Level 2.7 Transmutations


You had 9 spell levels left.
You knew the following spells:

 Your Spells              Type           Power      Damage    Failure   Level
a - Beastly Appendage     Tmut           18%        N/A       10%         1

Your spell library contained the following spells:

 Spells                   Type           Power      Damage    Failure   Level
 Wereblood                Tmut           9%         N/A       14%         2
 Spider Form              Tmut/Pois      2%         N/A       45%         3
 Ice Form                 Ice/Tmut       5%         N/A       86%         4
 Hydra Form               Tmut           4%         N/A       95%         5


Dungeon Overview and Level Annotations

Branches:
Dungeon (3/15)

Altars:
Sif Muna

Shops:
D:1 [[[


Innate Abilities, Weirdness & Mutations

You have temporarily grown beastly horns and talons.
Your movements are slightly less encumbered by armour. (ER -2)
A meltable shield of frost defends you. (SH +4)


Message History

Confirm with . or Enter, or press ? or * to list all spells.
You miscast Beastly Appendage.
You are very lightly contaminated with residual magic.
Nothing appears to happen.
The orc priest hits you but does no damage.
You hit the orc priest.
The orc priest is almost dead.
The orc priest misses you.
Your shield prevents you from hitting the orc priest.
The orc priest is almost dead.
The orc priest invokes the aid of Beogh against you.
You resist with almost no effort.
You hit the orc priest.
The orc priest is almost dead.
The orc priest hits you with a +0 dagger.
* * * LOW HITPOINT WARNING * * *
Casting: Beastly Appendage (safe; 10% risk of failure)
Confirm with . or Enter, or press ? or * to list all spells.
You grow a pair of large bovine horns.
Your feet morph into talons.
You block the orc priest's attack.
You closely miss the orc priest.
The orc priest is almost dead.
You block the orc priest's attack.
You closely miss the orc priest. Your headbutt misses the orc priest.
The orc priest is almost dead.
The orc priest closely misses you.
You completely miss the orc priest. Your headbutt misses the orc priest.
The orc priest is almost dead.
The orc priest looks satisfied for a moment.
Your magical contamination has completely faded away.
As you read the scroll labelled UMIRCH ROTIE, it crumbles to dust.
It is a scroll of identify.
d - 2 potions of resistance The orc priest hits you with a +0 dagger.
* * * LOW HITPOINT WARNING * * *
Your transformation is almost over.
The orc priest looks braver for a moment.
The orc priest invokes the aid of Beogh against you.
Beogh smites you!
You die...

# #.##o# #.#.##)#
#.#.##o# #......# #..
###o#### ##.. #o#
##...## ##.#
##.....##
###..#####.......####
#...@...#............
#.......'...........>
#....#..#..........##
#.#.##..##.......#.#
#.......###.....##.#
######.## ##...###.##
#.# ##'####... #)#
#........ #.#
#..#####.


You could see an orc priest and an orc wizard.

Vanquished Creatures
  A necrophage (D:2)
  An orc priest (D:3)
  Jessica (D:3)
  A worm (D:2)
  2 dart slugs
  5 orcs
  3 bats (D:2)
  6 endoplasms
  A giant cockroach (D:1)
  4 goblins
  5 hobgoblins
  6 jackals (D:2)
  6 kobolds
  2 quokkas (D:2)
  6 ball pythons
  3 frilled lizards
  6 rats
59 creatures vanquished.

Notes
Turn   | Place    | Note
-------+----------+-------------------------------------------
     0 | D:1      | senseless the Demonspawn Transmuter began the quest for the
                  | Orb.
     0 | D:1      | Reached XP level 1. HP: 15/15 MP: 3/3
    52 | D:1      | Found Haocub's Armour Emporium.
   179 | D:1      | Found Wydwap's Armour Shop.
   240 | D:1      | Gained mutation: A meltable shield of frost defends you.
                  | (SH +4) [demonic ancestry]
   240 | D:1      | Reached XP level 2. HP: 12/21 MP: 3/5
   569 | D:1      | Found Woet's Armour Shop.
  1070 | D:1      | Identified a scroll of acquirement
  1070 | D:1      | Acquired the +3 buckler of Recklessness {rF+ rC- rN+++
                  | Will+}
  1446 | D:2      | Reached XP level 3. HP: 25/26 MP: 4/6
  1700 | D:2      | Noticed a necrophage
  1717 | D:2      | Killed a necrophage
  1718 | D:2      | Reached skill level 1 in Shields
  1718 | D:2      | Reached XP level 4. HP: 13/32 MP: 6/8
  1920 | D:2      | Found a shimmering blue altar of Sif Muna.
  1969 | D:2      | Found a faded altar of an unknown god.
  2238 | D:2      | Gained mutation: Your movements are slightly less
                  | encumbered by armour. (ER -2) [demonic ancestry]
  2238 | D:2      | Reached XP level 5. HP: 37/37 MP: 7/9
  3001 | D:3      | Reached skill level 1 in Stealth
  3391 | D:3      | Noticed Jessica
  3401 | D:3      | Killed Jessica
  3502 | D:3      | Killed from afar by an orc priest

Illustrated notes

Levels and vault maps discovered:
D:1:      elethiomel_arrival_quiet, layout_basic, serial_shops, shop,
          nicolae_shop_statue_plus, shop, serial_rivers,
          chequers_serial_rivers_large_b, chequers_serial_rivers_micro_e,
          chequers_serial_rivers_micro_d, chequers_serial_rivers_micro_d,
          serial_park_tiny_pond, minmay_pentomino_q4
D:2:      layout_basic, basic_altar, shapermc_ecumenical_altar_mp_vishouse,
          amcnicky_mini_pool_small
D:3:      layout_loops_corners, tso_altar, uniq_jessica

Skill      XL: |  1  2  3  4  5 |
---------------+----------------+-----
Transmutations | 2 |  2.7
Dodging        | 2 |  2.5
Unarmed Combat | 3 |  3.7
Shields        | 1 |  1.4
Stealth        | 1 |  1.0
Spellcasting   | 3 |  3.0
Fighting       | |  1.2

Action                   |  1- 3 |  4- 6 || total
-------------------------+-------+-------++-------
Melee: Unarmed           |   113 |    97 ||   210
       Kick              |    24 |    18 ||    42
       Headbutt          |    15 |    17 ||    32
 Cast: Beastly Appendage |    20 |    20 ||    40
  Use: Scroll            |     4 |     1 ||     5
Armor: Robe              |    12 |     5 ||    17
Dodge: Dodged            |    37 |    29 ||    66
Block: Buckler           |    37 |    46 ||    83
       Other             |     2 |       ||     2

Table legend: (Time is in decaauts)
 A = Elapsed time spent in this place.
 B = Non-inter-level travel time spent in this place.
 C = Inter-level travel time spent in this place.
 D = Time resting spent in this place.
 E = Time spent auto-exploring this place.
 F = Levels seen in this place.
 G = Mean time per level.
                   A        B        C        D        E       F      G
               +--------+--------+--------+--------+--------+-----+--------+
         Total |   3538 |   3437 |    101 |    311 |   2645 |   3 | 1179.3 |
       Dungeon |   3538 |   3437 |    101 |    311 |   2645 |   3 | 1179.3 |
               +--------+--------+--------+--------+--------+-----+--------+

Top non-repeatable levels by time:
     D:2: 1780 daAuts
     D:1: 1110 daAuts
     D:3: 647 daAuts
